AoeStats
← Хан Крум

Black Forest

507708212Analyzed
4v4 RM · 12d ago on Sep 19, 2026· 55m 38s· 8 players
Game mode
Random Map
Map size
Large (8 player)
Population
200
Speed
Normal
Resources
Standard
Victory
Conquest
Starting age
Dark Age
Ending age
Imperial Age
RankedLock teamsTeams togetherTeam positionsShared explorationLock speedFull tech treeHidden civsTurbo modeCheats
Victory
Defeat
🇨🇳 Franks · China
1137
+13
🇳🇱 Britons · Netherlands
1113
+14
🇨🇳 Byzantines · China
1110
+14
1095
+15
🇪🇸 Goths · Spain
1130
-16
🇧🇬 Bulgarians · Bulgaria
1085
-14
🇨🇳 Spanish · China
1052
-13
🇳🇱 Cumans · Netherlands
1037
-13
xxltp101
1:14 Loom
10:30 Feudal Age
11:53 Double-Bit Axe
11:50 Horse Collar
16:13 Wheelbarrow
20:18 Castle Age
18:11 Gold Mining
21:43 Bow Saw
28:04 Fortified Wall
30:25 Imperial Age
28:57 Heavy Plow
29:01 Scale Mail Armor
29:34 Hand Cart
32:19 Two-Man Saw
33:04 Scale Barding Armor
33:10 Forging
34:13 Chain Barding Armor
33:36 Pikeman
36:22 Chemistry
36:43 Plate Barding Armor
37:24 Halberdier
38:49 Gold Shaft Mining
38:15 Caravan
38:14 Capped Ram
39:41 Squires
39:57 Chain Mail Armor
43:02 Plate Mail Armor
43:32 Iron Casting
44:01 Conscription
45:54 Fletching
47:00 Arson
47:21 Bodkin Arrow
47:09 Elite Cataphract
49:05 Crop Rotation
48:57 Capped Ram
51:22 Logistica
53:16 Siege Ram
z先生
10:47 Feudal Age
14:51 Castle Age
14:45 Double-Bit Axe
23:52 Wheelbarrow
23:03 Loom
26:05 Gold Mining
26:06 Stone Mining
26:31 Bow Saw
27:13 Hand Cart
28:00 Gold Shaft Mining
30:39 Imperial Age
28:17 Scale Barding Armor
28:23 Forging
28:31 Town Watch
29:39 Chain Barding Armor
30:24 Iron Casting
30:15 Ballistics
29:51 Murder Holes
30:48 Cavalier
31:32 Husbandry
32:24 Plate Barding Armor
33:42 Blast Furnace
32:48 Town Patrol
32:20 Paladin
33:13 Chivalry
33:33 Conscription
33:39 Fletching
33:50 Padded Archer Armor
35:15 Chemistry
35:48 Conscription
35:26 Bodkin Arrow
35:32 Scale Mail Armor
36:29 Masonry
50:57 Leather Archer Armor
50:58 Chain Mail Armor
51:53 Light Cavalry
53:06 Plate Mail Armor
52:54 Pikeman
53:35 Squires
53:21 Arson
今天真冷我的心都是冰
6:00 Loom
11:18 Feudal Age
12:20 Horse Collar
12:30 Double-Bit Axe
19:20 Castle Age
20:36 Scale Barding Armor
20:48 Bow Saw
24:20 Heavy Plow
25:54 Wheelbarrow
34:09 Imperial Age
31:52 Murder Holes
32:06 Stone Mining
32:33 Forging
33:21 Hand Cart
32:51 Town Watch
33:11 Gold Mining
34:21 Ballistics
34:58 Conscription
35:41 Gold Shaft Mining
35:29 Chain Barding Armor
35:52 Guilds
36:19 Iron Casting
38:00 Plate Barding Armor
37:39 Elite War Elephant
38:20 Fletching
39:32 Blast Furnace
41:10 Bloodlines
41:01 Husbandry
41:04 Bodkin Arrow
41:38 Citadels
43:21 Padded Archer Armor
43:50 Kamandaran
43:57 Crossbowman
44:42 Thumb Ring
45:01 Leather Archer Armor
47:08 Ring Archer Armor
47:42 Chemistry
46:53 Masonry
49:38 Scale Mail Armor
49:11 Pikeman
49:52 Squires
49:41 Halberdier
50:42 Chain Mail Armor
51:56 Plate Mail Armor
55:30 Architecture
Donkerzs
2:22 Loom
11:33 Feudal Age
16:40 Castle Age
15:40 Double-Bit Axe
15:37 Horse Collar
17:06 Fletching
17:17 Padded Archer Armor
22:16 Bodkin Arrow
21:49 Elite Skirmisher
26:00 Ballistics
27:18 Leather Archer Armor
37:35 Imperial Age
48:47 Man-at-Arms
49:15 Gambesons
49:33 Squires
49:20 Arson
49:44 Long Swordsman
50:42 Two-Handed Swordsman
novko
1:01 Loom
11:29 Feudal Age
16:20 Castle Age
14:42 Double-Bit Axe
14:49 Horse Collar
16:55 Town Watch
19:18 Gambesons
25:12 Wheelbarrow
29:59 Bow Saw
29:26 Pikeman
30:07 Squires
37:46 Imperial Age
35:12 Light Cavalry
36:02 Bloodlines
35:54 Husbandry
38:51 Forging
38:41 Scale Mail Armor
40:21 Conscription
40:02 Bagains
44:55 Halberdier
45:59 Elite Skirmisher
46:44 Thumb Ring
51:47 Ballistics
52:27 Chemistry
Lokatrox
1:52 Loom
12:30 Feudal Age
16:16 Castle Age
14:02 Double-Bit Axe
14:03 Horse Collar
17:13 Bow Saw
17:07 Heavy Plow
21:19 Fervor
24:49 Wheelbarrow
25:34 Gold Mining
25:36 Stone Mining
27:18 Hand Cart
32:03 Imperial Age
30:23 Squires
29:45 Pikeman
30:35 Scale Mail Armor
30:46 Forging
30:48 Anarchy
32:10 Iron Casting
31:50 Chain Mail Armor
32:50 Perfusion
33:10 Conscription
32:16 Onager
32:51 Elite Huskarl
34:50 Blast Furnace
36:16 Halberdier
39:15 Crop Rotation
39:56 Two-Man Saw
46:02 Guilds
45:50 Fletching
46:00 Padded Archer Armor
53:35 Coinage
53:03 Man-at-Arms
Хан Крум
9:55 Loom
12:27 Feudal Age
13:16 Double-Bit Axe
13:13 Horse Collar
16:17 Forging
21:43 Castle Age
21:39 Gold Mining
22:13 Capped Ram
24:02 Wheelbarrow
23:41 Bow Saw
32:06 Hand Cart
31:36 Town Watch
37:24 Imperial Age
39:30 Pikeman
40:11 Squires
40:51 Iron Casting
40:16 Scale Mail Armor
40:50 Scale Barding Armor
41:59 Blast Furnace
40:26 Halberdier
45:59 Chain Mail Armor
51:33 Heavy Plow
54:24 Chemistry
54:27 Blast Furnace
53:57 Plate Mail Armor
nanbo1
0:31 Loom
11:38 Feudal Age
15:20 Castle Age
13:47 Stone Mining
14:32 Double-Bit Axe
26:11 Wheelbarrow
25:22 Town Watch
34:52 Imperial Age
35:05 Gold Mining
35:08 Horse Collar
37:37 Bow Saw
37:28 Heavy Plow
37:40 Forging
38:10 Hand Cart
37:55 Town Patrol
37:58 Cavalier
39:12 Conscription
39:15 Bloodlines
39:05 Husbandry
41:36 Two-Man Saw
41:15 Iron Casting
42:11 Town Patrol
42:53 Stone Shaft Mining
44:33 Blast Furnace
43:39 Scale Barding Armor
44:32 Paladin
49:55 Chemistry
48:51 Murder Holes
49:06 Masonry
51:17 Pikeman
52:00 Scale Mail Armor
52:20 Chain Barding Armor
52:24 Ballistics
52:34 Architecture
53:50 Hoardings
Connection lost

Rejoining the realm…

Still unreachable

The connection could not be restored.

Session expired

The server has moved on; the page needs a fresh start.